 Dungeon Crawl Stone Soup version 0.26.0-45-g9c1d065592 (webtiles) character file.

Game seed: 9789676358212317207

(classic levelgen) 715 thiole the Sneak (level 7, 0/36 (41) HPs)
             Began as an Octopode Hedge Wizard on Jan 31, 2021.
             Was an Initiate of Gozag.
             Slain by a wight
             ... wielding a cursed +5 great sword
              (11 damage)
             ... on level 6 of the Dungeon.
             The game lasted 00:16:45 (7670 turns).

thiole the Sneak (Octopode Hedge Wizard)            Turns: 7670, Time: 00:16:46

HP:   0/36 (41)     AC:  1    Str: 16    XL:     7   Next: 69%
MP:   4/11          EV: 13    Int: 18    God:    Gozag
Gold: 217           SH:  4    Dex: 11    Spells: 6/12 levels left

rFire    . . .     SeeInvis +   j - +1 dagger (venom)
rCold    . . .     Faith    .   t - +0 buckler
rNeg     + . .     Spirit   .   b - +0 hat
rPois    .         Reflect  .   (no amulet)
rElec    .         Harm     .   d - ring of see invisible
rCorr    .         Rampage  .   f - ring of wizardry
Will     .....                  h - +6 ring of strength
Stlth    +++++.....             u - ring of stealth
HPRegen  0.12/turn              D - ring of positive energy
MPRegen  0.12/turn              (no ring)
                                (no ring)
                                (no ring)

@: heavily drained
A: almost no armour, stealthy swim, amphibious, 8 rings, constrict 8, camouflage
1, gelatinous body 1
a: Renounce Religion, Potion Petition, Call Merchant, Bribe Branch


You were on level 6 of the Dungeon.
You worshipped Gozag.
Gozag was aware of your devotion.
You visited 2 branches of the dungeon, and saw 7 of its levels.

You collected 317 gold pieces.
You paid 100 gold pieces to Gozag.

Inventory:

Hand Weapons
 j - a +1 dagger of venom (weapon)
 o - a +1 rapier of venom
Armour
 b - a +0 hat (worn)
 t - a +0 buckler (worn)
Jewellery
 d - a ring of see invisible (left tentacle)
 f - a ring of wizardry (right tentacle)
 h - a +6 ring of strength (on tentacle)
 u - a ring of stealth (on tentacle)
 x - the amulet of the Beds {Inacc +Blink rC+ Int+2}
   (You found it on level 4 of the Dungeon)

   [amulet of inaccuracy]

   It reduces the accuracy of all your attacks.
   It affects your intelligence (+2).
   It protects you from cold.
   It lets you blink.
 D - a ring of positive energy (on tentacle)
Wands
 p - a wand of random effects (35)
Scrolls
 c - a scroll of teleportation
 l - a scroll of fear
 r - a scroll of fog {unknown}
 s - a scroll of blinking {unknown}
 w - a scroll of enchant armour {unknown}
 z - a scroll of remove curse
 A - a scroll of magic mapping {unknown}
 B - a scroll of noise {unknown}
 C - a scroll of immolation {unknown}
 E - a scroll of amnesia {unknown}
Potions
 e - 3 potions of attraction
 g - a potion of lignification
 k - a potion of berserk rage {unknown}
 m - 2 potions of invisibility
 n - 2 potions of flight
 q - 2 potions of brilliance {unknown}
 v - a potion of magic {unknown}


   Skills:
 - Level 2.0 Dodging
 + Level 6.7 Stealth
 - Level 4.0 Shields
 - Level 3.0 Spellcasting
 - Level 3.0 Conjurations
 - Level 2.0 Summonings
 - Level 1.0 Translocations
 - Level 3.0 Air Magic
 - Level 3.0 Poison Magic


You had 6 spell levels left.
You knew the following spells:

 Your Spells              Type           Power        Failure   Level
a - Magic Dart            Conj           52%          1%          1
b - Call Imp              Summ           9%           4%          2
c - Mephitic Cloud        Conj/Pois/Air  13%          6%          3

Your spell library contained the following spells:

 Spells                   Type           Power        Failure   Level
 Blink                    Tloc           N/A          6%          2
 Slow                     Hex            2%           10%         2
 Conjure Flame            Conj/Fire      8%           11%         3


Dungeon Overview and Level Annotations

Branches:
Dungeon (6/15)             Temple (1/1) D:5

Altars:
Ashenzari
Cheibriados
Elyvilon
Fedhas
Gozag
Hepliaklqana
Kikubaaqudgha
Makhleb
Nemelex Xobeh
Okawaru
Ru
Sif Muna
Trog
Uskayaw
Vehumet
Wu Jian
Xom
Zin
The Shining One

Annotations:
D:3 2 transporters


Innate Abilities, Weirdness & Mutations

You cannot wear most types of armour.
You are very stealthy in the water. (Stealth+)
You are amphibious.
You can wear up to eight rings at the same time.
You can use your tentacles to constrict eight enemies at once.
Your skin changes colour to match your surroundings (Stealth+).
Your rubbery body absorbs attacks. (AC +1, EV +1)


Message History

Your crimson imp blinks!
The wight hits your crimson imp but does no damage.
Your crimson imp closely misses the wight.
Your crimson imp blinks!
The wight closely misses your crimson imp.
Your crimson imp misses the wight.
Your crimson imp closely misses the wight.
The wight hits your crimson imp with a cursed +0 long sword!
Your crimson imp hits the wight but does no damage.
The wight hits your crimson imp with a cursed +0 long sword.
Your crimson imp hits the wight.
The wight closely misses your crimson imp.
Your crimson imp hits the wight but does no damage.
Something hits your crimson imp!
Your crimson imp dies!
A jackal comes into view.
A jackal comes into view.
The wight hits you with a cursed +5 great sword!
You die...
Your body crumbles into a pile of gold.

###.......#
#######.......#
#.............#
.#####....#### .
#####....##.....
...
##....z####..####
.....#..##### .#.
........z###.# .
.. .......#h@...#
...
.h...######....#
### ###.# ..##
#.. ... #. ... #
.. .


You could see a wight and a jackal.

Vanquished Creatures
  A phantom (D:4)
  Blork the orc (D:5)
  A wight (D:6)
  2 orc priests
  2 orc wizards
  A hound (D:5)
  Ijyb (D:3)
  Natasha (thrice) (D:3)
  2 worker ants (D:4)
  A hound skeleton (D:5)
  A worker ant zombie (D:5)
  4 adders
  3 gnolls (D:2)
  A white imp (D:5)
  An adder skeleton (D:4)
  2 worms (D:2)
  4 dart slugs
  2 leopard geckos
  6 orcs
  5 giant cockroaches
  5 hobgoblins
  2 jackals (D:2)
  9 kobolds
  2 quokkas
  A ball python (D:3)
  8 bats
  4 frilled lizards
  A giant cockroach zombie (D:5)
  9 goblins
  6 rats
91 creatures vanquished.

Vanquished Creatures (collateral kills)
  A jelly (D:5)
  An orc priest (D:3)
  Jessica (D:3)
  Terence (D:3)
  A mummy (D:5)
  An orc (D:3)
  A bat (D:3)
7 creatures vanquished.

Grand Total: 98 creatures vanquished

Notes
Turn   | Place    | Note
-------+----------+-------------------------------------------
     0 | D:1      | thiole the Octopode Hedge Wizard began the quest for the
                  | Orb.
     0 | D:1      | Reached XP level 1. HP: 11/11 MP: 4/4
   189 | D:1      | Reached XP level 2. HP: 2/17 MP: 0/6
  1029 | D:1      | Reached XP level 3. HP: 21/21 MP: 5/7
  1526 | D:2      | Reached skill level 3 in Stealth
  1529 | D:2      | Learned a level 2 spell: Call Imp
  2310 | D:2      | Found a sparkling altar of Nemelex Xobeh.
  2310 | D:2      | Found a bloodstained altar of Trog.
  2318 | D:2      | Reached XP level 4. HP: 27/27 MP: 6/8
  2943 | D:2      | Reached skill level 4 in Stealth
  3417 | D:3      | Noticed Ijyb
  3434 | D:3      | Killed Ijyb
  3435 | D:3      | Reached skill level 5 in Stealth
  3435 | D:3      | Reached XP level 5. HP: 31/31 MP: 3/9
  3496 | D:3      | Noticed Terence
  3508 | D:3      | Killed Terence
  3509 | D:3      | Reached skill level 1 in Air Magic
  3509 | D:3      | Reached skill level 1 in Poison Magic
  3610 | D:3      | Noticed Natasha
  3614 | D:3      | Killed Natasha
  3845 | D:3      | Noticed Jessica
  3866 | D:3      | Killed Jessica
  3906 | D:3      | Reached XP level 6. HP: 24/36 MP: 2/10
  4206 | D:3      | Found a transporter.
  4237 | D:3      | Found a transporter.
  4335 | D:3      | Noticed Natasha
  4344 | D:3      | Killed Natasha
  4561 | D:3      | Noticed Natasha
  4568 | D:3      | Killed Natasha
  4569 | D:3      | Reached skill level 1 in Shields
  4658 | D:4      | Learned a level 3 spell: Mephitic Cloud
  4758 | D:4      | Noticed a phantom
  5012 | D:4      | Killed a phantom
  5405 | D:4      | Reached XP level 7. HP: 28/41 MP: 7/11
  6106 | D:4      | Got a coiled sapphire amulet
  6328 | D:4      | Identified the amulet of the Beds {Inacc +Blink rC+ Int+2}
                  | (You found it on level 4 of the Dungeon)
  6355 | D:5      | Entered Level 5 of the Dungeon
  6394 | D:5      | Noticed Blork the orc
  6405 | D:5      | Killed Blork the orc
  6812 | D:5      | Reached skill level 6 in Stealth
  6878 | D:5      | Found a staircase to the Ecumenical Temple.
  6887 | Temple   | Entered the Ecumenical Temple
  7032 | Temple   | Became a worshipper of Gozag Ym Sagoz the Greedy
  7109 | D:5      | Found a snail-covered altar of Cheibriados.
  7429 | D:5      | Found a shimmering blue altar of Sif Muna.
  7670 | D:6      | Slain by a wight

Illustrated notes

Levels and vault maps discovered:
D:1:      roderic_crossed_star, layout_basic
D:2:      layout_basic, gammafunk_temple_overflow_wave, minmay_tetromino_l4
D:3:      gammafunk_wand_slinger, layout_basic, uniq_natasha, uniq_ijyb,
          uniq_terence, uniq_jessica
D:4:      layout_loops_corners
D:5:      layout_basic, slow_altar_1, lemuel_temple_firewalk_b, tgw_sif,
          uniq_blork_the_orc
D:6:      layout_rooms, nicolae_dithmenos_through_a_glass_darkly
Temple:   nicolae_temple_elliptical

Skill      XL: |  1  2  3  4  5  6  7 |
---------------+----------------------+-----
Conjurations   | 2 3 |  3.0
Stealth        | 3 5 6 |  6.7
Summonings     | 2 |  2.0
Air Magic      | 2 3 |  3.0
Poison Magic   | 2 3 |  3.0
Shields        | 2 4 |  4.0
Dodging        | |  2.0
Spellcasting   | |  3.0
Translocations | |  1.0

Action                   |  1- 3 |  4- 6 |  7- 9 || total
-------------------------+-------+-------+-------++-------
Melee: Dagger            |    29 |    56 |    45 ||   130
       Tentacles         |     4 |    11 |     8 ||    23
       Constrict         |     9 |    12 |    11 ||    32
 Cast: Magic Dart        |    97 |    80 |    30 ||   207
       Call Imp          |       |    26 |    11 ||    37
       Mephitic Cloud    |       |       |     2 ||     2
 Abil: Evoke Blink       |       |       |     1 ||     1
  Use: Potion            |       |     2 |     3 ||     5
       Scroll            |       |       |     7 ||     7
 Stab: Sleeping          |       |     3 |     8 ||    11
       Distracted        |       |     1 |       ||     1
       Confused          |       |       |     1 ||     1
Armor: Skin              |     3 |     1 |     2 ||     6
Dodge: Dodged            |    28 |    35 |    29 ||    92
Block: Buckler           |       |     4 |     7 ||    11
